 Dungeon Crawl Stone Soup version 0.31-a0-233-g139696dc86 (webtiles) character file.

Game seed: 8750513140876378185

2916 qw the Skirmisher (level 9, -6/79 HPs)
             Began as a Minotaur Hexslinger on July 8, 2023.
             Was a Believer of Okawaru.
             Mangled by a yak (8 damage)
             ... on level 8 of the Dungeon.
             The game lasted 00:03:01 (6642 turns).

qw the Skirmisher (Minotaur Hexslinger)             Turns: 6642, Time: 00:03:02

Health: -6/79      AC:  4    Str: 14      XL:     9   Next: 50%
Magic:  9/11       EV: 24    Int:  9 (10) God:    Okawaru [**....]
Gold:   142        SH:  0    Dex: 18 (19) Spells: 9/10 levels left

rFire   . . .        Y - +1 sling
rCold   + + .        (no shield)
rNeg    . . .        p - +1 robe "Opnizesch" {rPois rC+ Dex+3}
rPois   +            (helmet restricted)
rElec   .            (no cloak)
rCorr   .            h - +0 pair of gloves
SInv    .            (no boots)
Will    .....        (no amulet)
Stlth   +++          k - +5 ring of evasion
HPRegen 0.33/turn    o - ring of protection from cold
MPRegen 0.12/turn

%: no passive effects
@: heroic
A: horns 2, retaliatory headbutt, deterioration 1
a: Renounce Religion, Heroism


You were on level 8 of the Dungeon.
You worshipped Okawaru.
Okawaru was pleased with you.
You visited 1 branch of the dungeon, and saw 8 of its levels.

You collected 346 gold pieces.
You spent 204 gold pieces at shops.


Innate Abilities, Weirdness & Mutations

You have a pair of horns on your head.
You reflexively headbutt those who attack you in melee.
Your body sometimes deteriorates upon taking damage.


   Skills:
 - Level 7.0(12.0) Fighting
 + Level 10.6(15.6) Ranged Weapons
 - Level 1.3(6.3) Armour
 - Level 6.3(11.3) Dodging
 - Level 1.0 Spellcasting
 - Level 2.0 Hexes
 - Level 4.0 Invocations


You had 9 spell levels left.
You knew the following spells:

 Your Spells              Type           Power      Damage    Failure   Level
a - Slow                  Hex            16%        N/A       16%         1

Your spell library contained the following spells:

 Spells                   Type           Power      Damage    Failure   Level
 Inner Flame              Hex/Fire       2%         N/A       58%         3
 Portal Projectile        Hex/Tloc       4%         N/A       58%         3
 Cause Fear               Hex            2%         N/A       85%         4

Inventory:

Hand Weapons
 Y - a +1 sling (weapon)
Armour
 a - a +3 ring mail
 h - a +0 pair of gloves (worn)
 p - the +1 robe "Opnizesch" (worn) {rPois rC+ Dex+3}
   (You found it on level 3 of the Dungeon)

   Dex:       It affects your dexterity (+3).
   rC:        It protects you from cold.
   rPois:     It protects you from poison.
Jewellery
 d - a +6 ring of strength
 k - a +5 ring of evasion (left hand)
 o - a ring of protection from cold (right hand)
Wands
 n - a wand of digging (8)
Scrolls
 m - 6 scrolls of identify
Potions
 b - 4 potions of curing
 c - a potion of haste
 e - a potion of might
 g - 2 potions of mutation
 l - a potion of resistance

Dungeon Overview and Level Annotations

Branches:
Dungeon (8/15)             Temple (0/1) D:7
   Lair: D:8-11

Altars:
Ashenzari
Dithmenos
Nemelex Xobeh
Okawaru
Vehumet

Shops:
D:4 ?=[?[   D:6 !

Annotations:
D:3 2 runed translucent doors, qw's ghost, weakling GrHs
D:6 1 runed translucent door, Crazy Yiuf
D:8 3 runed translucent doors, qw's ghost, novice GrHs


Message History

The bullfrog closely misses you. The yak gores you!
Your body deteriorates!
You feel clumsy. The yak closely misses you. The yak barely misses you.
You furiously retaliate!
You headbutt the yak.
6636 ||| INVOKING Heroism.
You gain the combat prowess of a mighty hero.
The bullfrog completely misses you. The yak completely misses you.
The yak misses you. The yak completely misses you.
You shoot a sling bullet.
The sling bullet barely misses the bullfrog.
The sling bullet hits the yak!
The yak is moderately wounded.
The bullfrog hits you but does no damage.
The yak completely misses you. The yak misses you. The yak gores you!
You shoot a sling bullet. The sling bullet hits the bullfrog!
You kill the bullfrog!
Okawaru accepts your kill.
You shoot a sling bullet.
The sling bullet hits the yak but does no damage.
The yak is moderately wounded.
The yak misses you. You furiously retaliate!
You headbutt the yak! The yak completely misses you. The yak misses you.
You shoot a sling bullet. The sling bullet hits the yak.
The yak is heavily wounded.
The yak gores you but does no damage.
The shadow slips into darkness.
The shadow flickers and vanishes!
Deactivating autopickup; reactivate with Ctrl-A.
The yak gores you!
The yak completely misses you. x2; You furiously retaliate!
You headbutt the yak. You shoot a sling bullet. The sling bullet hits the yak.
The yak is severely wounded.
You shoot a sling bullet. The sling bullet hits the yak.
The yak is severely wounded.
The yak gores you!
Your body deteriorates!
You feel dopey.
The shadow strikes at you from the darkness!
Reactivating autopickup.
The yak gores you. The yak misses you. The yak gores you!
You die...

.8#oo#.............#
#
.##oW#..####.......#
# ....o#..#
#.......# #
######8.# #.......#
# ##...## ####.####
####.#.#.######.#
................#
##..#Y#.######.#
...#.Y@##
......WYY.#
.......Y.....
........#.####
.....#.#>#. .......
# #. ##.. .. ..
#..##. ##


You could see 5 yaks and a shadow.

Vanquished Creatures
  Pikel (D:7)
  A wyvern (D:8)
  Eustachio (D:6)
  Edmund (D:6)
  A water moccasin (D:6)
  3 sky beasts
  2 black bears
  2 lemures (D:7)
  3 bullfrogs
  A kobold brigand (D:8)
  A gnoll sergeant (D:8)
  3 scorpions
  8 wights (D:7)
  A howler monkey (D:7)
  3 hounds
  2 jellies
  2 orc priests (D:3)
  3 iguanas (D:4)
  4 adders
  10 gnolls
  3 white imps
  An ufetubus (D:6)
  3 worms
  3 dart slugs
  12 orcs
  5 ball pythons
  6 bats
  10 endoplasms
  5 giant cockroaches (D:1)
  7 goblins
  7 hobgoblins
  5 jackals
  A quokka (D:3)
  5 frilled lizards
  18 kobolds
  3 rats
147 creatures vanquished.

Notes
Turn   | Place    | Note
-------+----------+-------------------------------------------
     0 | D:1      | qw the Minotaur Hexslinger began the quest for the Orb.
     0 | D:1      | Reached XP level 1. HP: 16/16 MP: 1/1
     0 | D:1      | 0 ||| qw: Version: 0.3-a-46-gb1f654a
     0 | D:1      | 0 ||| qw: Game counter: 3415
     0 | D:1      | 0 ||| qw: Melee chars always use a shield: true
     0 | D:1      | 0 ||| qw: God list: Okawaru
     0 | D:1      | 0 ||| qw: Allow faded altars: false
     0 | D:1      | 0 ||| qw: Do Orc after clearing Dungeon:15 true
     0 | D:1      | 0 ||| qw: Do second Lair branch before Depths: true
     0 | D:1      | 0 ||| qw: Lair rune preference: random
     0 | D:1      | 0 ||| qw: Goals: Normal
     0 | D:1      | 0 ||| PLANNING D:1-11
    26 | D:1      | 26 ||| FLEEEEING.
    64 | D:1      | 64 ||| FLEEEEING.
    65 | D:1      | 65 ||| FLEEEEING.
    66 | D:1      | 66 ||| FLEEEEING.
    67 | D:1      | 67 ||| FLEEEEING.
    68 | D:1      | 68 ||| FLEEEEING.
    69 | D:1      | 69 ||| FLEEEEING.
    70 | D:1      | 70 ||| FLEEEEING.
    71 | D:1      | 71 ||| FLEEEEING.
    83 | D:1      | Reached skill level 3 in Ranged Weapons
    83 | D:1      | Reached XP level 2. HP: 23/23 MP: 2/2
   163 | D:1      | 163 ||| FLEEEEING.
   240 | D:1      | Reached XP level 3. HP: 29/29 MP: 3/3
   506 | D:1      | 506 ||| UPGRADING to +0 pair of gloves.
   511 | D:1      | 511 ||| UPGRADING to amulet of guardian spirit.
   516 | D:1      | 516 ||| UPGRADING to +5 ring of evasion.
   517 | D:1      | 517 ||| READING scroll labelled TED FOR CEUG.
   518 | D:1      | 518 ||| READING scroll labelled QABBYN MIURO.
   519 | D:1      | 519 ||| DRINKING 2 amethyst potions.
   520 | D:1      | 520 ||| DROPPING scroll of poison.
   521 | D:1      | 521 ||| DROPPING potion of degeneration.
   629 | D:2      | Reached skill level 4 in Ranged Weapons
   722 | D:2      | Found a faded altar of an unknown god.
   862 | D:2      | Reached XP level 4. HP: 36/36 MP: 4/4
   986 | D:2      | 986 ||| UPGRADING to +0 ring mail.
   996 | D:2      | 996 ||| DROPPING +0 robe.
   997 | D:2      | 997 ||| READING scroll labelled BEUCRI GENA.
   998 | D:2      | 998 ||| DRINKING 2 glowing dark potions.
  1113 | D:3      | Reached skill level 1 in Armour
  1218 | D:3      | Found a large runed translucent door.
  1224 | D:3      | Found a large runed translucent door.
  1227 | D:3      | Noticed qw's ghost (weakling GrHs)
  1344 | D:3      | Identified the +1 robe "Opnizesch" {rPois rC+ Dex+3}
  1460 | D:3      | Reached skill level 5 in Ranged Weapons
  1460 | D:3      | Reached XP level 5. HP: 41/41 MP: 5/5
  1528 | D:3      | Reached skill level 3 in Fighting
  1719 | D:3      | 1719 ||| UPGRADING to +1 robe "Opnizesch" {rPois rC+
                  | Dex+3}.
  1729 | D:3      | 1729 ||| DROPPING +0 ring mail.
  1730 | D:3      | 1730 ||| READING scroll labelled DUFOENIADI.
  1731 | D:3      | 1731 ||| READING scroll labelled ZUTWEU WACHENT.
  1767 | D:3      | 1767 ||| READING scroll labelled XUR TOTZIAZERGH.
  1768 | D:3      | 1768 ||| DRINKING 2 bubbling red potions.
  1769 | D:3      | 1769 ||| DRINKING potion of curing.
  1769 | D:3      | 1769 ||| (to cure confusion)
  1770 | D:3      | 1770 ||| DROPPING potion of ambrosia.
  1785 | D:4      | Found Pamuprog's Armour Emporium.
  1800 | D:4      | Noticed a black bear
  1810 | D:4      | Killed a black bear
  1811 | D:4      | Reached skill level 6 in Ranged Weapons
  1811 | D:4      | Reached XP level 6. HP: 22/51 MP: 2/6
  1826 | D:4      | 1826 ||| FLEEEEING.
  1830 | D:4      | 1830 ||| STAIRDANCE
  1980 | D:4      | Found a sparkling altar of Nemelex Xobeh.
  2012 | D:4      | Found an iron altar of Okawaru.
  2013 | D:4      | 2013 ||| PLANNING OKAWARU WORSHIP
  2017 | D:4      | Became a worshipper of Warmaster Okawaru
  2018 | D:4      | 2018 ||| PLANNING D:1-11
  2018 | D:4      | 2018 ||| REMOVING amulet of guardian spirit.
  2118 | D:4      | Found Syocykott's Armour Boutique.
  2120 | D:4      | Found Cunehead's Magic Scroll Shoppe.
  2143 | D:4      | 2143 ||| BUYING 3 scrolls of identify (72 gold).
  2143 | D:4      | Bought 3 scrolls of identify for 72 gold pieces
  2143 | D:4      | 2143 ||| SHOPLISTING scroll of enchant weapon (90 gold,
                  | have 69).
  2143 | D:4      | 2143 ||| BUYING scroll of identify (24 gold).
  2143 | D:4      | Bought a scroll of identify for 24 gold pieces
  2143 | D:4      | 2143 ||| BUYING scroll of identify (24 gold).
  2143 | D:4      | Bought a scroll of identify for 24 gold pieces
  2143 | D:4      | 2143 ||| SHOPLISTING scroll of identify (24 gold, have 21).
  2143 | D:4      | 2143 ||| SHOPLISTING scroll of teleportation (36 gold, have
                  | 21).
  2211 | D:4      | Found Mauguwkua's Jewellery Emporium.
  2215 | D:4      | Found Negeg's Magic Scroll Boutique.
  2216 | D:4      | 2216 ||| SHOPLISTING +4 ring of protection (396 gold, have
                  | 21).
  2216 | D:4      | 2216 ||| SHOPLISTING +5 ring of evasion (396 gold, have
                  | 21).
  2216 | D:4      | 2216 ||| SHOPLISTING +6 ring of strength (396 gold, have
                  | 21).
  2216 | D:4      | 2216 ||| SHOPLISTING amulet of faith (440 gold, have 21).
  2216 | D:4      | 2216 ||| SHOPLISTING ring of ice (275 gold, have 21).
  2223 | D:4      | 2223 ||| SHOPLISTING scroll of enchant weapon (97 gold,
                  | have 21).
  2223 | D:4      | 2223 ||| SHOPLISTING scroll of identify (26 gold, have 21).
  2340 | D:4      | Reached skill level 7 in Ranged Weapons
  2675 | D:4      | 2675 ||| DROPPING amulet of guardian spirit.
  2676 | D:4      | 2676 ||| READING 2 scrolls labelled UNODAM ZYAMA.
  2677 | D:4      | 2677 ||| DRINKING 2 fuming orange potions.
  2678 | D:4      | 2678 ||| DRINKING 2 lumpy sapphire potions.
  2679 | D:4      | 2679 ||| DRINKING 2 lumpy inky potions.
  2680 | D:4      | 2680 ||| READING 6 scrolls of identify.
  2680 | D:4      | 2680 ||| IDENTIFYING fizzy dark potion
  2681 | D:4      | 2681 ||| READING 5 scrolls of identify.
  2681 | D:4      | 2681 ||| IDENTIFYING metallic grey potion
  2682 | D:4      | 2682 ||| READING 4 scrolls of identify.
  2682 | D:4      | 2682 ||| IDENTIFYING metallic dark potion
  2683 | D:4      | 2683 ||| DROPPING scroll of noise.
  2684 | D:4      | 2684 ||| DROPPING potion of berserk rage.
  2685 | D:4      | 2685 ||| DROPPING potion of brilliance.
  2713 | D:5      | Entered Level 5 of the Dungeon
  2863 | D:5      | Noticed a sky beast
  2876 | D:5      | Killed a sky beast
  2877 | D:5      | Reached skill level 3 in Dodging
  2877 | D:5      | Reached XP level 7. HP: 24/59 MP: 7/7
  3351 | D:5      | Reached * piety under Okawaru
  3523 | D:5      | 3523 ||| Stepping ~*~*~tactically~*~*~ (outnumbered).
  3525 | D:5      | 3525 ||| Stepping ~*~*~tactically~*~*~ (outnumbered).
  3527 | D:5      | 3527 ||| Stepping ~*~*~tactically~*~*~ (outnumbered).
  3536 | D:5      | 3536 ||| INVOKING Heroism.
  3814 | D:5      | 3814 ||| DROPPING amulet of magic regeneration.
  3815 | D:5      | 3815 ||| DROPPING ring of wizardry.
  3816 | D:5      | 3816 ||| READING scroll labelled QUFAHA ITUO.
  3910 | D:5      | 3910 ||| READING 4 scrolls of identify.
  3910 | D:5      | 3910 ||| IDENTIFYING green potion
  3911 | D:5      | 3911 ||| DROPPING potion of invisibility.
  3944 | D:6      | Found Sunytt Uhusch's Distillery.
  4010 | D:6      | Reached skill level 8 in Ranged Weapons
  4010 | D:6      | Reached skill level 1 in Invocations
  4066 | D:6      | 4066 ||| BUYING potion of curing (42 gold).
  4066 | D:6      | Bought a potion of curing for 42 gold pieces
  4066 | D:6      | 4066 ||| BUYING potion of curing (42 gold).
  4066 | D:6      | Bought a potion of curing for 42 gold pieces
  4066 | D:6      | 4066 ||| SHOPLISTING potion of enlightenment (70 gold, have
                  | 0).
  4066 | D:6      | 4066 ||| SHOPLISTING potion of haste (140 gold, have 0).
  4066 | D:6      | 4066 ||| SHOPLISTING potion of heal wounds (70 gold, have
                  | 0).
  4164 | D:6      | 4164 ||| INVOKING Heroism.
  4196 | D:6      | Noticed Eustachio
  4197 | D:6      | 4197 ||| INVOKING Heroism.
  4203 | D:6      | Reached XP level 8. HP: 68/68 MP: 6/9
  4222 | D:6      | 4222 ||| INVOKING Heroism.
  4231 | D:6      | Killed Eustachio
  4232 | D:6      | Reached skill level 3 in Invocations
  4273 | D:6      | Noticed Edmund
  4274 | D:6      | 4274 ||| INVOKING Heroism.
  4297 | D:6      | Killed Edmund
  4576 | D:6      | Found a broken altar of Ashenzari.
  4593 | D:6      | Reached skill level 9 in Ranged Weapons
  4770 | D:6      | Found a runed translucent door.
  4771 | D:6      | Noticed Crazy Yiuf
  4947 | D:6      | 4947 ||| READING scroll labelled RADOGI DORAOBO.
  4948 | D:6      | 4948 ||| DRINKING 2 purple potions.
  4948 | D:6      | Gained mutation: You have hidden genetic defects. [potion
                  | of mutation]
  4948 | D:6      | Gained mutation: You are agile. (Dex +4, Str/Int -1)
                  | [potion of mutation]
  5024 | D:7      | Found a staircase to the Ecumenical Temple.
  5031 | D:7      | Noticed Pikel
  5032 | D:7      | 5032 ||| INVOKING Heroism.
  5063 | D:7      | 5063 ||| INVOKING Heroism.
  5077 | D:7      | Killed Pikel
  5078 | D:7      | Reached skill level 6 in Dodging
  5093 | D:7      | Gained mutation: Your body sometimes deteriorates upon
                  | taking damage. [hidden defects]
  5404 | D:7      | Reached XP level 9. HP: 74/75 MP: 11/11
  5407 | D:7      | 5407 ||| INVOKING Heroism.
  5409 | D:7      | Reached skill level 6 in Fighting
  5438 | D:7      | Lost mutation: You are agile. (Dex +4, Str/Int -1) [hidden
                  | defects]
  5438 | D:7      | Lost mutation: You have hidden genetic defects. [hidden
                  | defects expressed]
  5590 | D:7      | 5590 ||| FLEEEEING.
  5591 | D:7      | 5591 ||| FLEEEEING.
  5600 | D:7      | Reached ** piety under Okawaru
  5757 | D:7      | Found a shadowy altar of Dithmenos.
  5757 | D:7      | Found a radiant altar of Vehumet.
  6004 | D:7      | 6004 ||| DROPPING ring of ice.
  6005 | D:7      | 6005 ||| UPGRADING to ring of protection from cold.
  6006 | D:7      | 6006 ||| READING 3 scrolls labelled SOG JES ESCH.
  6007 | D:7      | 6007 ||| DROPPING 2 scrolls of revelation.
  6032 | D:8      | 6032 ||| INVOKING Heroism.
  6043 | D:8      | Reached skill level 10 in Ranged Weapons
  6045 | D:8      | 6045 ||| Stepping ~*~*~tactically~*~*~ (outnumbered).
  6053 | D:8      | 6053 ||| INVOKING Heroism.
  6054 | D:8      | HP: 18/75 [kobold brigand/+0 dagger (4)]
  6055 | D:8      | 6055 ||| READING scroll of teleportation.
  6056 | D:8      | 6056 ||| DRINKING 2 potions of heal wounds.
  6059 | D:8      | 6059 ||| DRINKING potion of heal wounds.
  6603 | D:8      | Found a runed translucent gate.
  6603 | D:8      | Found a runed translucent gate.
  6604 | D:8      | Found a runed translucent gate.
  6604 | D:8      | Noticed qw's ghost (novice GrHs)
  6609 | D:8      | Identified the +3 plate armour of Curiosity {+Blink rElec
                  | rN++ Int-2}
  6636 | D:8      | 6636 ||| INVOKING Heroism.
  6642 | D:8      | HP: 4/79 [something (21)]
  6642 | D:8      | Mangled by a yak

Levels and vault maps discovered:
D:1:      dpeg_arrival_rooms_c, layout_rooms, minmay_pentomino_v2
D:2:      layout_rooms, hellmonk_ecumenical_altar_pennies_from_heaven,
          minmay_misc_feat_secret_circle
D:3:      layout_loops_cross, ebering_ghost_disaster_area,
          amcnicky_mini_pool_small, serial_park_tiny_1
D:4:      layout_basic, mainiacjoe_overflow_two_lobes, serial_shops,
          nicolae_shop_crystal, shop, shop, shop, shop
D:5:      layout_basic
D:6:      layout_basic, evilmike_ruin_ashenzari, serial_shops,
          nicolae_shop_waterfront, uniq_eustachio, uniq_edmund,
          uniq_crazy_yiuf_cottage
D:7:      layout_basic, nicolae_overflow_two_pavilions,
          minmay_temple_entry_gardened_gates, uniq_pikel
D:8:      layout_loops_ring, biasface_ghost_orc_armoury, amethyst_killhole,
          chequers_serial_rivers_micro_d, serial_bayou_pond_e

Skill      XL: |  1  2  3  4  5  6  7  8  9 |
---------------+----------------------------+-----
Ranged Weapons | 3 4 5 6 7 8 9 10 | 10.6
Fighting       | 2 3 4 5 7 |  7.0
Armour         | 1 |  1.3
Dodging        | 3 6 |  6.3
Invocations    | 2 4 |  4.0
Spellcasting   | |  1.0
Hexes          | |  2.0

Action                     |  1- 3 |  4- 6 |  7- 9 || total
---------------------------+-------+-------+-------++-------
   Fire: Sling             |   120 |   224 |   391 ||   735
 Invoke: Heroism           |       |       |    11 ||    11
    Use: Scroll            |     2 |     8 |     5 ||    15
         Potion            |     1 |     6 |     3 ||    10
 Armour: Robe              |     5 |     6 |    26 ||    37
         Ring mail         |       |     8 |       ||     8
  Dodge: Dodged            |    27 |    69 |   258 ||   354

Table legend:
 A = Non-vault XP
 B = Vault XP
 C = Vault XP percentage of total XP
 D = Non-vault monster count
 E = Vault monster count
 F = Vault count percentage of total count
                 A         B        C        D         E       F
            +---------+---------+-------+---------+---------+-------
      Total |    3187 |     979 |  23.5 |     140 |       5 |   3.4
            +---------+---------+-------+---------+---------+-------
        D:1 |      58 |       3 |   4.9 |      30 |       2 |   6.2
        D:2 |      43 |       0 |   0.0 |      16 |       0 |   0.0
        D:3 |     159 |       0 |   0.0 |      26 |       0 |   0.0
        D:4 |     392 |       0 |   0.0 |      20 |       0 |   0.0
        D:5 |     361 |       0 |   0.0 |      10 |       0 |   0.0
        D:6 |     616 |     369 |  37.5 |      10 |       2 |  16.7
        D:7 |     751 |     607 |  44.7 |      12 |       1 |   7.7
        D:8 |     807 |       0 |   0.0 |      16 |       0 |   0.0
            +---------+---------+-------+---------+---------+-------
